 Dungeon Crawl Stone Soup version 0.16-a0-3308-g116f5c4 (webtiles) character file.

53 Charly the Charmwright (level 3, 0/18 HPs)
             Began as a Vine Stalker Skald on Dec 26, 2014.
             Slain by Eustachio
             ... wielding a +0 falchion
              (2 damage)
             ... on level 4 of the Dungeon.
             The game lasted 00:07:01 (375 turns).

Charly the Charmwright (Vine Stalker Skald)          Turns: 375, Time: 00:07:01

Health: 0/18       AC:  3    Str: 14      XL:     3   Next: 89%
Magic:  0/7        EV: 11    Int: 12      God:
Gold:   30         SH:  0    Dex: 12 (14) Spells: 3 memorised, 0 levels left

rFire  . . .     SeeInvis .     e - +1 dagger (speed)
rCold  . . .     Clarity  .     b - +0 leather armour
rNeg   . . .     SustAb   .     (no shield)
rPois  .         Gourm    .     (no helmet)
rElec  .         Spirit   +     (no cloak)
rCorr  .         Warding  .     (no gloves)
rMut   .         Stasis   .     (no boots)
MR     .....                    (no amulet)
Stlth  +.........               (no ring)
                                (no ring)

@: infused (expiring), very slightly contaminated, not resistant to hostile
enchantments, very unstealthy
A: fangs 2, regeneration 1, magic shield, antimagic bite, no device heal 3, rot
immunity
a: no special abilities


You were on level 4 of the Dungeon.
You were not hungry.

You visited 1 branch of the dungeon, and saw 4 of its levels.

You collected 30 gold pieces.

Inventory:

Hand weapons
 a - a +0 falchion
 e - a +1 dagger of speed (weapon)
Armour
 b - a +0 leather armour (worn)
Scrolls
 g - a scroll of noise {unknown}
Potions
 f - a potion of haste {unknown}
 h - a potion of resistance {unknown}
Books
 c - a book of Battle

   Spells                             Type                      Level
   a - Infusion                       Charms                       1
   b - Shroud of Golubria             Charms/Translocation         2
   c - Song of Sleighing              Charms                       2
   d - Spectral Weapon                Hexes/Charms                 3
   e - Regeneration                   Charms/Necromancy            3
Comestibles
 d - a bread ration


   Skills:
 - Level 1.7 Fighting
 + Level 2.8 Long Blades
 - Level 0.7 Armour
 - Level 0.7 Dodging
 - Level 2.1 Spellcasting
 + Level 0.2 Hexes
 + Level 3.9 Charms


You couldn't memorise any spells.
You knew the following spells:

 Your Spells              Type           Power        Failure   Level  Hunger
g - Shroud of Golubria    Chrm/Tloc      #.........   21%         2    ###....
i - Infusion              Chrm           ##....       8%          1    ##.....
w - Spectral Weapon       Hex/Chrm       #.......     34%         3    ####...


Dungeon Overview and Level Annotations

Branches:
Dungeon (4/15)
 Temple: D:4-7

Altars:

Annotations:
D:4 Blork the orc, Eustachio


Innate Abilities, Weirdness & Mutations

You have extremely sharp teeth.
Your natural rate of healing is unusually fast.
When hurt, damage is shared between your health and your magic reserves.
Your bite disrupts and absorbs the magic of your enemies.
Potions and wands cannot restore your health.
You are immune to rotting.


Message History

Eustachio is severely wounded.
Your magical infusion is running out.
The quasit closely misses you.
The quasit claws you but does no damage.
The quasit barely misses you.
You hit Eustachio.
Eustachio is severely wounded.
Eustachio falters for a moment.
The quasit bites you but does no damage.
The quasit claws you but does no damage.
The quasit claws you.
You hit Eustachio but do no damage.
Eustachio is severely wounded.
The quasit bites you but does no damage.
The quasit closely misses you.
The quasit claws you but does no damage.
You closely miss Eustachio.
Eustachio is severely wounded.
Eustachio hits you with a falchion.
You die...

###
###################.#
.......rr@@5........#
###################.#
#.......#.#
#.#####.#.#
#.......#.#
#....#..#.# #...
#..#.# .#..###..#.#
.........#.#


You could see Eustachio, a quasit, a quokka and a rat.

Vanquished Creatures
  A hound (D:3)
  An adder (D:3)
  A bat (D:1)
  4 goblins
  2 hobgoblins (D:3)
  3 kobolds
  A quokka (D:4)
  A ball python (D:1)
14 creatures vanquished.

Notes
Turn   | Place    | Note
--------------------------------------------------------------
     0 | D:1      | Charly, the Vine Stalker Skald, began the quest for the Orb.
     0 | D:1      | Reached XP level 1. HP: 11/11 MP: 3/3
    29 | D:1      | Reached XP level 2. HP: 8/15 MP: 1/5
    40 | D:1      | Learned a level 2 spell: Shroud of Golubria
   129 | D:4      | Noticed Blork the orc
   129 | D:4      | Noticed a phantom
   184 | D:3      | Reached XP level 3. HP: 15/18 MP: 4/7
   189 | D:3      | Learned a level 3 spell: Spectral Weapon
   231 | D:3      | Noticed an ice beast
   346 | D:4      | Noticed Eustachio
   375 | D:4      | Slain by Eustachio

Action                   || total
-------------------------++-------
Melee: Falchion          ||    10
       Dagger            ||    44
 Cast: Infusion          ||     7
       Shroud of Golubri ||     2
  Use: Scroll            ||     1
